 Dungeon Crawl Stone Soup version 0.31-a0-846-gb3bcc0d938 (webtiles) character file.

Game seed: 17960563614428860409

5973 CowFu the Basher (level 10, -3/54 HPs)
             Began as a Gargoyle Fighter on Oct 4, 2023.
             Was a Follower of Hepliaklqana.
             Killed from afar by Maggie (24 damage)
             ... with a bolt of fire
             ... on level 7 of the Dungeon.
             The game lasted 00:11:12 (5929 turns).

CowFu the Basher (Gargoyle Fighter)                 Turns: 5929, Time: 00:11:13

Health: -3/54      AC: 26    Str: 29    XL:     10   Next: 84%
Magic:  10/10      EV:  8    Int:  9    God:    Hepliaklqana [*.....]
Gold:   92         SH:  6    Dex: 18    Spells: 9/9 levels left

rFire   . . .        C - +0 morningstar (protect)
rCold   + . .        c - +0 buckler
rNeg    + . .        D - +0 chain mail of Servitude {rC+ Str+5 Dex+3}
rPois   ∞            (no helmet)
rElec   +            f - +0 cloak
rCorr   .            (no gloves)
SInv    +            q - +0 pair of boots
Will    .....        (no amulet) Stlth
                     j - +6 ring of dexterity
HPRegen 0.29/turn    u - ring of wizardry
MPRegen 0.12/turn

%: wizardry (x1)
@: under a protective aura
A: reduced essence, sickness immunity, AC +7, negative energy resistance 1,
electricity resistance, torment resistance 1, petrification resistance, hooves
1, see invisible, MP-powered wands
a: Renounce Religion, Recall Ancestor, Ancestor Identity


You were on level 7 of the Dungeon.
You worshipped Hepliaklqana.
Hepliaklqana was aware of your devotion.
You visited 2 branches of the dungeon, and saw 8 of its levels.

You collected 277 gold pieces.
You spent 185 gold pieces at shops.

Inventory:

Hand Weapons
 a - a +0 flail
 h - a +1 whip of freezing
 s - a +3 flail of draining
 C - a +0 morningstar of protection (weapon)
Missiles
 t - a throwing net
Armour
 c - a +0 buckler (worn)
 f - a +0 cloak (worn)
 g - a +0 plate armour
 q - a +0 pair of boots (worn)
 D - the +0 chain mail of Servitude (worn) {rC+ Str+5 Dex+3}
   (You took it off a gnoll bouda on level 7 of the Dungeon)

   Str+5:     It affects your strength (+5).
   Dex+3:     It affects your dexterity (+3).
   rC+:       It protects you from cold.
Jewellery
 j - a +6 ring of dexterity (left hand)
 u - a ring of wizardry (right hand)
Wands
 B - a wand of polymorph (10)
Scrolls
 b - a scroll of noise
 d - a scroll of teleportation
 e - 5 scrolls of revelation
 k - 3 scrolls of amnesia
 m - a scroll of poison
 o - 4 scrolls of identify
 w - 3 scrolls of fog
 y - a scroll of blinking
Potions
 i - 2 potions of cancellation
 n - 2 potions of attraction
 p - 2 potions of curing
 r - 2 potions of degeneration
 v - a potion of might
 x - 2 potions of enlightenment {unknown}
 z - 2 potions of lignification {unknown}
 A - a potion of mutation


   Skills:
 + Level 5.9 Fighting
 - Level 14.0 Maces & Flails
 + Level 5.8 Armour
 + Level 5.8 Shields


You had 9 spell levels left.
You didn't know any spells.
Your spell library contained the following spells:

 Spells                   Type           Power      Damage    Failure   Level
 Foxfire                  Conj/Fire      0%         2x1d4     56%         1
 Ensorcelled Hibernation  Hex/Ice        0%         N/A       69%         2
 Jinxbite                 Hex            0%         N/A       69%         2
 Passwall                 Tmut/Erth      0%         N/A       69%         2
 Static Discharge         Conj/Air       0%         2-2/arc   69%         2
 Swiftness                Air            0%         N/A       89%         3
 Airstrike                Air            0%         2d(0-16)  99%         4
 Anguish                  Hex/Necr       0%         N/A       99%         4
 Summon Lightning Spire   Summ/Air       0%         N/A       99%         4
 Plasma Beam              Fire/Air       0%         2x1d10    100%        6
 Starburst                Conj/Fire      0%         6d3       100%        6


Dungeon Overview and Level Annotations

Branches:
Dungeon (7/15)             Temple (1/1) D:6

Altars:
Ashenzari
Cheibriados
Dithmenos
Elyvilon
Fedhas
Gozag
Hepliaklqana
Kikubaaqudgha
Makhleb
Nemelex Xobeh
Okawaru
Qazlal
Ru
Sif Muna
Trog
Uskayaw
Vehumet
Wu Jian
Xom
Yredelemnul
Zin
The Shining One

Shops:
D:2 *   D:5 ?

Annotations:
D:7 Maggie


Innate Abilities, Weirdness & Mutations

Your life essence is reduced to manifest your ancestor. (-10% HP)
You are immune to sickness and miasma.
Your stone body is resilient. (AC +7)
You are immune to poison.
You resist negative energy. (rN+)
You are resistant to electric shocks. (rElec)
You are resistant to unholy torment.
You are immune to petrification.
You have large cloven feet.
You have supernaturally acute eyesight. (SInv)
You expend magic power (3 MP) to strengthen your wands.


Message History

You block Maggie's attack.
The sky beast hits you but does no damage.
The centaur wields a +0 shortbow.
The centaur shoots an arrow.
The arrow hits you.
The centaur shoots an arrow.
The arrow hits you.
Maggie says, "How do the people who live here stand the isolation?"
Maggie attacks as she pursues you!
Maggie hits you from afar with a +3 glaive of flaming!
Maggie burns you.
Tlaloc hits the centaur.
The sky beast attacks as it pursues you!
The sky beast hits you but does no damage.
The centaur unwields a +0 shortbow.
The centaur barely misses Tlaloc.
The centaur closely misses Tlaloc.
Maggie hits Tlaloc with a +3 glaive of flaming!
Maggie burns Tlaloc.
Tlaloc barely misses the centaur.
Maggie hits Tlaloc with a +3 glaive of flaming!
Maggie burns Tlaloc.
Tlaloc hits the centaur!
You impale the sky beast!!
You kill the sky beast!
The centaur wields a +0 shortbow.
The centaur shoots an arrow.
The arrow hits you!
Tlaloc completely misses the centaur.
The centaur unwields a +0 shortbow.
The centaur hits you but does no damage.
The centaur closely misses you. You block Maggie's attack.
Tlaloc completely misses the centaur.
You see here a sky beast corpse.
You hit the centaur.
The centaur is severely wounded.
The centaur hits you but does no damage.
The centaur kicks you but does no damage.
You thump the centaur!
You kill the centaur!
Maggie says, "Leave now, and tell all of Margery's mercy!"
Maggie casts a spell at you. The bolt of fire hits you!!
* * * LOW HITPOINT WARNING * * *
Tlaloc hits Maggie but does no damage.
You feel much better. Maggie casts a spell at you. The bolt of fire hits you!!
You die...

.....# ..#.⌠.⌠.## ......# ..
...._...# ......# # #.. ..#.⌠.⌠.#
......# ##.#..### ###..#.....
......# #..##..#.#.#..####.####
....... ...##.......##...)...##
........ #..# .....##..#####..##
...........#..###.###...###.....#
...... .......@)@.......>.[...#..
###### ...##..R........######....
## ############# #.### .##
###########.# ..## #...........#
_..# #.########### ...# #.R.#
.⌠.# ###.# ...# #.#


You could see the friendly Tlaloc the ancestor and Maggie (ally target).

Vanquished Creatures
  Pikel (D:4)
  An unseen horror (D:7)
  A hornet (D:7)
  4 dream sheep (D:7)
  2 shadows (D:7)
  A steam dragon (D:6)
  Menkaure (D:6)
  Edmund (D:4)
  A water moccasin (D:5)
  An orc warrior (D:7)
  3 ice beasts
  4 sky beasts
  A black bear (D:5)
  4 ogres
  3 centaurs
  3 phantoms
  10 scorpions
  3 bullfrogs (D:7)
  3 wights (D:7)
  4 howler monkeys
  10 hounds
  2 jellies (D:5)
  2 orc priests
  A sleepcap (D:4)
  2 gnoll boudas
  Terence (D:3)
  2 iguanas
  3 orc wizards (D:5)
  17 adders
  6 gnolls (D:4)
  A shadow imp (D:5)
  3 white imps
  A worm (D:4)
  A dart slug (D:4)
  22 orcs
  15 ball pythons
  6 bats
  3 endoplasms
  A giant cockroach (D:2)
  7 goblins
  2 hobgoblins (D:4)
  2 jackals (D:5)
  3 kobolds
  A frilled lizard (D:1)
  4 rats
170 creatures vanquished.

Notes
Turn   | Place    | Note
-------+----------+-------------------------------------------
     0 | D:1      | CowFu the Gargoyle Fighter began the quest for the Orb.
     0 | D:1      | Reached XP level 1. HP: 14/14 MP: 1/1
   112 | D:1      | Reached XP level 2. HP: 19/19 MP: 2/2
   443 | D:2      | Reached skill level 3 in Maces & Flails
   709 | D:2      | Reached XP level 3. HP: 19/23 MP: 3/3
   756 | D:2      | Found Suihudan's General Store.
   761 | D:2      | Bought a scroll of teleportation for 42 gold pieces
   823 | D:2      | Bought a scroll of identify for 28 gold pieces
  1378 | D:3      | Reached skill level 4 in Maces & Flails
  1428 | D:3      | Found a faded altar of an unknown god.
  1525 | D:3      | Reached XP level 4. HP: 25/28 MP: 4/4
  1563 | D:3      | Found a stormy altar of Qazlal.
  1566 | D:3      | Found a shimmering altar of Xom.
  1573 | D:3      | Noticed Terence
  1582 | D:3      | Killed Terence
  1987 | D:4      | Noticed a lemure
  1988 | D:4      | Noticed Pikel
  1998 | D:4      | Noticed a lemure
  2001 | D:4      | Noticed a lemure
  2005 | D:4      | Noticed a lemure
  2011 | D:4      | HP: 1/28 [Pikel/+1 whip of freezing (2)]
  2030 | D:4      | Killed Pikel
  2031 | D:4      | Reached skill level 8 in Maces & Flails
  2031 | D:4      | Reached XP level 5. HP: 7/32 MP: 5/5
  2031 | D:4      | Reached XP level 6. HP: 9/37 MP: 6/6
  2031 | D:4      | Reached XP level 7. HP: 10/41 MP: 7/7
  2064 | D:4      | Gained mutation: You have supernaturally acute eyesight.
                  | (SInv) [potion of mutation]
  2064 | D:4      | Gained mutation: You expend magic power (3 MP) to
                  | strengthen your wands. [potion of mutation]
  2064 | D:4      | Gained mutation: You have large cloven feet. [potion of
                  | mutation]
  2203 | D:4      | Noticed Edmund
  2391 | D:4      | Reached skill level 9 in Maces & Flails
  2391 | D:4      | Reached XP level 8. HP: 40/46 MP: 8/8
  2435 | D:4      | Found the +11 Singing Sword {sonic wave}
  2852 | D:4      | Reached skill level 10 in Maces & Flails
  2982 | D:4      | Killed Edmund
  3437 | D:5      | Entered Level 5 of the Dungeon
  3537 | D:5      | Reached skill level 11 in Maces & Flails
  3677 | D:5      | Reached XP level 9. HP: 46/51 MP: 9/9
  3959 | D:5      | Found Zif Pech's Magic Scroll Shoppe.
  3966 | D:5      | Bought a scroll of fog for 40 gold pieces
  3966 | D:5      | Bought a scroll of blinking for 75 gold pieces
  4061 | D:5      | Reached skill level 12 in Maces & Flails
  4410 | D:6      | Found a snail-covered altar of Cheibriados.
  4425 | D:6      | Found a staircase to the Ecumenical Temple.
  4440 | Temple   | Entered the Ecumenical Temple
  4453 | Temple   | Became a worshipper of Hepliaklqana the Forgotten
  4926 | D:6      | Noticed Menkaure
  4939 | D:6      | Killed Menkaure
  4940 | D:6      | Reached skill level 13 in Maces & Flails
  5312 | D:7      | Reached XP level 10. HP: 55/56 MP: 10/10
  5332 | D:7      | Reached skill level 14 in Maces & Flails
  5361 | D:7      | Noticed a two-headed ogre
  5367 | D:7      | Noticed a white ugly thing
  5653 | D:7      | Reached skill level 5 in Fighting
  5653 | D:7      | Reached skill level 5 in Armour
  5653 | D:7      | Reached skill level 5 in Shields
  5686 | D:7      | Found the +5 robe of Night {Dark Will+ SInv}
  5720 | D:7      | Reached * piety under Hepliaklqana
  5753 | D:7      | Found a glowing silver altar of Zin.
  5760 | D:7      | Found a sacrificial altar of Ru.
  5763 | D:7      | Found a blossoming altar of Fedhas.
  5763 | D:7      | Found an ornate altar of the Wu Jian Council.
  5770 | D:7      | Found a burning altar of Makhleb.
  5850 | D:7      | Identified the +0 chain mail of Servitude {rC+ Str+5 Dex+3}
  5851 | D:7      | Noticed an unseen horror
  5852 | D:7      | Found a shimmering blue altar of Sif Muna.
  5867 | D:7      | Killed an unseen horror
  5917 | D:7      | Noticed Maggie
  5928 | D:7      | HP: 2/54 [Maggie/bolt of fire (25)]
  5929 | D:7      | Killed from afar by Maggie

Illustrated notes

Levels and vault maps discovered:
D:1:      onia_arrival_mini_spirals, layout_rooms
D:2:      layout_basic, serial_shops, shop
D:3:      layout_basic, nicolae_overflow_squiral, shapermc_ecumenical_altar_gd,
          minmay_misc_feat_x, uniq_terence
D:4:      old_forge, layout_loops_ring, cheibrodos_sewer_entry_bend,
          serial_glass, glass_columns_a, glass_columns_b, due_unseen_surprise,
          minmay_strange_pillars, minmay_strange_pillars,
          chequers_serial_rivers_micro_e, serial_bayou_lagoon_a,
          kennysheep_small_spiral, minmay_snake_closets, uniq_edmund, uniq_pikel
D:5:      layout_loops_ring, serial_shops, nicolae_shop_trees
D:6:      layout_gridville, lemuel_crystal_altar, minmay_temple_entry_slanted,
          uniq_menkaure
D:7:      minmay_the_grid_octo_tiled_octocenter [minmay_the_grid_octo_clover,
          minmay_the_grid_octo_fan_narrow, minmay_the_grid_octo_chip,
          minmay_the_grid_octo_77,
          minmay_the_grid_octo_prize_ultimate_mussel_roller,
          minmay_the_grid_square_5x5_corner, minmay_the_grid_square_5x5_shrine1,
          minmay_the_grid_square_5x5_n, minmay_the_grid_square_5x5_dogpile],
          layout_basic, nicolae_overflow_hallway_of_the_gods,
          hellmonk_guarded_unrand_night, uniq_maggie, uniq_joseph
Temple:   zaba_magenta_temple

Skill      XL: |  1  2  3  4  5  6  7  8  9 10 |
---------------+-------------------------------+-----
Maces & Flails | 3 4 8 9 11 13 14 | 14.0
Fighting       | 5 |  5.9
Armour         | 5 |  5.8
Shields        | 5 |  5.8

Action                     |  1- 3 |  4- 6 |  7- 9 | 10-12 || total
---------------------------+-------+-------+-------+-------++-------
  Melee: Flail             |    95 |    63 |   212 |   145 ||   515
         Whip              |       |       |   250 |       ||   250
         Morningstar       |       |       |       |     6 ||     6
    Use: Scroll            |     2 |       |     8 |     1 ||    11
         Potion            |       |     4 |     3 |     2 ||     9
   Stab: Invisible         |       |       |     1 |       ||     1
 Armour: Scale mail        |    20 |       |       |       ||    20
         Plate armour      |    75 |    53 |   263 |    97 ||   488
         Chain mail        |       |       |       |    19 ||    19
  Dodge: Dodged            |    30 |    11 |    95 |    31 ||   167
  Block: Buckler           |    19 |    10 |    88 |    28 ||   145

Table legend: (Time is in decaauts)
 A = Elapsed time spent in this place.
 B = Non-inter-level travel time spent in this place.
 C = Inter-level travel time spent in this place.
 D = Time resting spent in this place.
 E = Time spent auto-exploring this place.
 F = Levels seen in this place.
 G = Mean time per level.
                   A        B        C        D        E       F      G
               +--------+--------+--------+--------+--------+-----+--------+
         Total |   5828 |   5601 |    227 |     38 |   3844 |   8 |  728.5 |
       Dungeon |   5802 |   5599 |    203 |     38 |   3844 |   7 |  828.9 |
        Temple |     26 |      2 |     24 |      0 |      0 |   1 |   26.0 |
               +--------+--------+--------+--------+--------+-----+--------+

Top non-repeatable levels by time:
     D:4: 1458 daAuts
     D:5: 923 daAuts
     D:2: 892 daAuts
     D:6: 807 daAuts
     D:7: 655 daAuts
     D:3: 618 daAuts
     D:1: 446 daAuts
  Temple: 26 daAuts
